 Dungeon Crawl Stone Soup version 0.21.2 (webtiles) character file.

0 glosham the Skirmisher (level 1, -1/22 HPs)
             Began as a Troll Abyssal Knight on Dec 18, 2018.
             Was a Follower of Lugonu.
             Slain by a white imp (4 damage)
             ... on level 1 of the Abyss.
             The game lasted 00:01:40 (69 turns).

glosham the Skirmisher (Troll Abyssal Knight)         Turns: 69, Time: 00:01:41

Health: -1/22      AC:  5    Str: 19    XL:     1   Next: 0%
Magic:  1/1        EV: 10    Int:  8    God:    Lugonu [*.....]
Gold:   0          SH:  0    Dex:  9    Spells: 0/0 levels left

rFire    . . .     SeeInvis .     - Unarmed
rCold    . . .     Gourm    +   (no shield)
rNeg     . . .     Faith    .   a - +0 robe
rPois    .         Spirit   .   (helmet restricted)
rElec    .         Reflect  .   (no cloak)
rCorr    .         Harm     .   (gloves unavailable)
MR       .....                  (boots unavailable)
Stlth    +.........             (no amulet)
HPRegen  0.47/turn              (no ring)
MPRegen  0.07/turn              (no ring)

@: no status effects
A: large, unfitting armour, claws 3, fast metabolism 3, gourmand, regeneration
1, shaggy fur 1, tough skin 2
a: Depart the Abyss, Renounce Religion


You were on level 1 of the Abyss.
You worshipped Lugonu.
Lugonu was aware of your devotion.
You were not hungry.

You visited 0 branches of the dungeon, and saw 0 of its levels.
You visited the Abyss 1 time.

Inventory:

Armour
 a - a +0 robe (worn)
Comestibles
 b - 2 rations


   Skills:
 - Level 2.4 Fighting
 - Level 1.9 Dodging
 * Level 2.0 Unarmed Combat
 - Level 1.5 Invocations


You couldn't memorise any spells.
You didn't know any spells.

Dungeon Overview and Level Annotations

Branches:
Dungeon (0/15)

Altars:


Innate Abilities, Weirdness & Mutations

You are too large for most types of armour.
You have claws for hands.
Your metabolism is lightning-fast.
You like to eat raw meat.
Your natural rate of healing is unusually fast.
You are covered in fur. (AC +1)
You have very tough skin. (AC +2)


Message History

Welcome, glosham the Troll Abyssal Knight.
It is said that the Orb of Zot exists deep within this dungeon.
Lugonu says: Depart the Abyss and spread corruption, my servant! (use the ability menu to exit the Abyss) Press ? for a list of commands and other information.
Found a corrupted altar of Lugonu.
A tentacled starspawn comes into view.
A large abomination comes into view.
A rakshasa comes into view. It is wielding a trident of piercing.
A large abomination comes into view.
The large abomination moves out of view.
A smoke demon comes into view.
The smoke demon roars!
A tentacle flies out from the starspawn's body!
A starspawn tentacle comes into view.
The smoke demon gestures at you. Something smites you!
Ouch! That really hurt!
The smoke demon gestures at you. Something smites you!
* * * LOW HITPOINT WARNING * * *
A white imp comes into view.
The white imp shouts!
A tentacle flies out from the starspawn's body!
A starspawn tentacle comes into view.
You scratch the white imp.
The white imp is moderately wounded.
The white imp misses you.
You barely miss the white imp.
The white imp is moderately wounded.
You barely miss the white imp.
The white imp is moderately wounded.
The white imp hits you but does no damage.
The white imp hits you.
* * * LOW HITPOINT WARNING * * *
The white imp freezes you.
You die...

. .#.# ..##R
....... .#
#.##..###.#..#..#.
#.# ####.X# #.# #
... #... ...# ..#
#.# ###R..# # ..
#..#.#.### #
..#...##X.## #..
##...5#### #..
#...@...# ##
#.####......# #.
.#...#. .# #. #..#
## ## .. .


You could see a tentacled starspawn, a rakshasa and a white imp.

Vanquished Creatures (others)
  4 starspawn tentacles (Abyss:1)
4 creatures vanquished.

Notes
Turn   | Place    | Note
-------+----------+-------------------------------------------
     0 | Abyss:1  | glosham the Troll Abyssal Knight began the quest for the Orb.
     0 | Abyss:1  | Reached XP level 1. HP: 22/22 MP: 1/1
    39 | Abyss:1  | Noticed a tentacled starspawn
    40 | Abyss:1  | Noticed a large abomination
    49 | Abyss:1  | Noticed a rakshasa
    52 | Abyss:1  | Noticed a large abomination
    56 | Abyss:1  | Noticed a smoke demon
    63 | Abyss:1  | HP: 2/22 [smoke demon/divine providence (9)]
    69 | Abyss:1  | Slain by a white imp

Action                   || total
-------------------------++-------
Melee: Unarmed           ||     3
Armor: Robe              ||     1
Dodge: Dodged            ||     1

Table legend:
 A = Turns spent in this place as a percentage of turns spent in the entire game.
 B = Non-inter-level travel turns spent in this place as a percentage of non-inter-level travel turns spent in the entire game.
 C = Inter-level travel turns spent in this place as a percentage of turns spent in this place.
 D = Turns resting spent in this place as a percentage of non-inter-level travel turns spent in this place.
 E = Turns spent auto-exploring this place as a percentage of non-inter-level travel turns spent in this place.
 F = Non-inter-level travel turns spent in this place divided by the number of levels of this place that you've seen.
                   A       B       C       D       E      F
               +-------+-------+-------+-------+-------+----------------------
         Total | 100.0 | 100.0 |   0.0 |   0.0 |   0.0 |  69.0
         Abyss | 100.0 | 100.0 |   0.0 |   0.0 |   0.0 |  69.0
               +-------+-------+-------+-------+-------+----------------------

Vault maps used:
